 Dungeon Crawl Stone Soup version 0.22-a0-480-g991dd4b2b4 (webtiles) character file.

128 Oravi the Conjurer (level 4, 0/33 HPs)
             Began as a Draconian Conjurer on June 15, 2018.
             Slain by Slothtographer's ghost (2 damage)
             ... on level 3 of the Dungeon.
             The game lasted 00:13:32 (3377 turns).

Oravi the Conjurer (Draconian Conjurer)             Turns: 3377, Time: 00:13:33

Health: 0/33       AC:  5    Str: 10    XL:     4   Next: 87%
Magic:  1/9        EV: 12    Int: 16    God:
Gold:   109        SH:  0    Dex: 12    Spells: 4/10 levels left

rFire    . . .     SeeInvis .   o - +1 dagger (venom)
rCold    + + .     Gourm    .   (no shield)
rNeg     . . .     Faith    .   (armour unavailable)
rPois    .         Spirit   .   (helmet restricted)
rElec    .         Reflect  .   (no cloak)
rCorr    .         Harm     .   (no gloves)
MR       .....                  (no boots)
Stlth    ++........             (no amulet)
HPRegen  0.11/turn              e - ring of protection from cold
MPRegen  0.11/turn              m - ring of protection from cold

@: lethally poisoned (0 -> -24), drained
A: unfitting armour, cold-blooded, AC +5
a: no special abilities


You were on level 3 of the Dungeon.
You were not hungry.

You visited 1 branch of the dungeon, and saw 3 of its levels.

You collected 109 gold pieces.

Inventory:

Hand Weapons
 a - a +0 whip
 o - a +1 dagger of venom (weapon)
Missiles
 g - 30 stones (quivered)
Jewellery
 e - a ring of protection from cold (left hand)
 m - a ring of protection from cold (right hand)
Scrolls
 d - a scroll of fog
 h - a scroll of random uselessness {unknown}
 i - 3 scrolls of teleportation
 k - a scroll of enchant weapon {unknown}
 l - 2 scrolls of remove curse
 n - a scroll of magic mapping {unknown}
 p - a scroll of fear {unknown}
Potions
 f - a potion of magic
 j - a potion of haste {unknown}
Comestibles
 b - 7 rations
 q - a chunk of flesh


   Skills:
 - Level 1.7(1.6) Dodging
 - Level 1.7(1.6) Stealth
 + Level 3.6(3.4) Spellcasting
 + Level 5.2(5.0) Conjurations


You had 4 spell levels left.
You knew the following spells:

 Your Spells              Type           Power        Failure   Level  Hunger
a - Magic Dart            Conj           ###.         2%          1    None
b - Searing Ray           Conj           ###...       3%          2    ##.....
c - Dazzling Spray        Conj/Hex       ##....       19%         3    ###....

Your spell library contained the following spells:

 Spells                   Type           Power        Failure   Level  Hunger
 Iskenderun's Mystic Bla  Conj           ###.....     22%         4    ####...
 Fulminant Prism          Conj/Hex       ##........   54%         4    ####...
 Force Lance              Conj/Tloc      ##......     54%         4    ####...


Dungeon Overview and Level Annotations

Branches:
Dungeon (3/15)

Altars:

Annotations:
D:3 Slothtographer's ghost, amateur DsGl


Innate Abilities, Weirdness & Mutations

Your plain brown scales are hard. (AC +5)
You cannot fit into any form of body armour.
You are cold-blooded and may be slowed by cold attacks.


Message History

You closely miss Slothtographer's ghost.
Slothtographer's ghost is almost destroyed.
You feel sick. Slothtographer's ghost hits you.
You are lethally poisoned!
You miss Slothtographer's ghost.
Slothtographer's ghost is almost destroyed.
* * * LOW HITPOINT WARNING * * *
You feel sick. Slothtographer's ghost hits you.
* * * LOW HITPOINT WARNING * * *
You are more poisoned.
You hit Slothtographer's ghost.
Slothtographer's ghost is almost destroyed.
* * * LOW HITPOINT WARNING * * *
You feel sick.
Slothtographer's ghost closely misses you.
You closely miss Slothtographer's ghost.
Slothtographer's ghost is almost destroyed.
* * * LOW HITPOINT WARNING * * *
You feel sick. Slothtographer's ghost hits you.
You die...

#.##.#.#.#...#..
#.##.#.#.#...#
#.##.#.#.#...###
#.##.#...#W.....
#.##W#####.##...
#.##.# #.# ...
#.##.#####.# ...
###.##.......##
..
#@W...........#
..
###.#####.....#
#.##..'.....#
#.#...#.....#
#.#...'.....#
#.#...#.....#
#.....+.....####
###...#.........
#.............


You could see Slothtographer's ghost.

Vanquished Creatures
  Robin (D:2)
  An adder (D:2)
  2 oozes
  2 worms
  A dart slug (D:1)
  3 leopard geckos
  An orc (D:2)
  A giant cockroach (D:2)
  16 goblins
  9 hobgoblins
  6 jackals
  A quokka (D:2)
  3 ball pythons
  12 bats
  2 frilled lizards (D:2)
  13 kobolds
  8 rats
82 creatures vanquished.

Notes
Turn   | Place    | Note
-------+----------+-------------------------------------------
     0 | D:1      | Oravi the Draconian Conjurer began the quest for the Orb.
     0 | D:1      | Reached XP level 1. HP: 14/14 MP: 3/3
   300 | D:1      | Reached XP level 2. HP: 20/20 MP: 0/5
   304 | D:1      | Learned a level 2 spell: Searing Ray
   689 | D:1      | Reached XP level 3. HP: 22/26 MP: 2/7
   694 | D:1      | Learned a level 3 spell: Dazzling Spray
  1778 | D:2      | Noticed Robin
  2161 | D:2      | Reached XP level 4. HP: 33/33 MP: 5/8
  2317 | D:2      | Reached skill level 5 in Conjurations
  2830 | D:3      | Noticed Slothtographer's ghost (amateur DsGl)
  2990 | D:2      | Killed Robin
  3377 | D:3      | Slain by Slothtographer's ghost

Vault maps used:
D:1:      dpeg_arrival_yet_another_circle
D:2:      uniq_robin
D:3:      minmay_goblin_kobold_castle, ashenzari_conservatory_becter,
          nicolae_ru_awakened_eye

Skill      XL: |  1  2  3  4 |
---------------+-------------+-----
Spellcasting   | 3 |  3.6
Conjurations   | 5 |  5.2
Dodging        | |  1.7
Stealth        | |  1.7

Action                   |  1- 3 |  4- 6 || total
-------------------------+-------+-------++-------
Melee: Unarmed           |     6 |       ||     6
       Tailslap          |     4 |       ||     4
       Dagger            |    13 |    19 ||    32
       Whip              |    10 |       ||    10
Throw: Stone             |     4 |     4 ||     8
 Cast: Magic Dart        |    48 |    44 ||    92
       Searing Ray       |    19 |     8 ||    27
  Use: Scroll            |     7 |       ||     7
       Potion            |       |     1 ||     1
  Eat: Chunk             |     5 |     4 ||     9
Armor: Skin              |    11 |     8 ||    19
Dodge: Dodged            |    23 |    23 ||    46

Table legend:
 A = Spawn XP
 B = Non-spawn XP
 C = Spawn XP percentage of total XP
 D = Spawn monster count
 E = Non-spawn monster count
 F = Spawn count percentage of total count
 G = Total turns spent on level
                    A         B        C        D         E        F      G
               +---------+---------+-------+---------+---------+-------+---------
         Total |       0 |     184 |   0.0 |       0 |      82 |   0.0 |  3377
               +---------+---------+-------+---------+---------+-------+---------
           D:1 |       0 |      63 |   0.0 |       0 |      32 |   0.0 |  1523
           D:2 |       0 |     104 |   0.0 |       0 |      42 |   0.0 |  1595
           D:3 |       0 |      17 |   0.0 |       0 |       8 |   0.0 |   259
               +---------+---------+-------+---------+---------+-------+---------
